 Dungeon Crawl Stone Soup version 0.30-a0-125-g51eefa89be (webtiles) character file.

Game seed: 3641965892423801670

15106 Casaw the Covert (level 11, -2/56 HPs)
             Began as a Spriggan Enchanter on Sept 18, 2022.
             Was a Priest of Dithmenos.
             Slain by a cyclops (25 damage)
             ... on level 12 of the Dungeon.
             The game lasted 00:50:24 (15223 turns).

Casaw the Covert (Spriggan Enchanter)              Turns: 15223, Time: 00:50:25

Health: -2/56      AC: 14    Str: 15    XL:     11   Next: 97%
Magic:  19/27      EV: 21    Int: 17    God:    Dithmenos [***...]
Gold:   1457       SH:  0    Dex: 14    Spells: 18/33 levels left

rFire   . . .      SeeInvis +    a - +4 dagger
rCold   + . .      Faith    .    (no shield)
rNeg    + . .      Spirit   .    u - +2 robe {rN+}
rPois   .          Reflect  .    C - +2 hat of the Past {rC+ Str+3}
rElec   .          Harm     .    (no cloak)
rCorr   .          Rampage  .    (gloves unavailable)
Will    +....                    (boots unavailable)
Stlth   ++++++++..               (no amulet)
HPRegen 0.18/turn                t - +4 ring of protection
MPRegen 0.20/turn                r - +4 ring of protection

@: confusing by touch, wreathed by umbra, very quick
A: very small, no large weapons, unfitting armour, see invisible, speed 3,
strong 1
a: Renounce Religion, Shadow Step


You were on level 12 of the Dungeon.
You worshipped Dithmenos.
Dithmenos was most pleased with you.
You visited 2 branches of the dungeon, and saw 13 of its levels.
You also visited: Sewer and Gauntlet.

You collected 1457 gold pieces.

Inventory:

Hand Weapons
 a - a +4 dagger (weapon)
Missiles
 d - 2 throwing nets (quivered)
Armour
 u - a +2 robe of positive energy (worn)
 C - the +2 hat of the Past (worn) {rC+ Str+3}
   (You found it in a Gauntlet)

   Str:       It affects your strength (+3).
   rC:        It protects you from cold.
Jewellery
 b - a ring of flight
 i - a ring of fire
 r - a +4 ring of protection (right hand)
 t - a +4 ring of protection (left hand)
 v - a ring of protection from cold
 F - a ring of wizardry
Wands
 e - a wand of flame (26)
 m - a wand of digging (5)
 n - a wand of polymorph (18)
 y - a wand of roots (3)
Scrolls
 c - a scroll of fear
 f - a scroll of summoning
 l - 7 scrolls of teleportation
 q - 6 scrolls of identify
 w - 2 scrolls of blinking
 x - 2 scrolls of vulnerability
Potions
 g - 2 potions of haste
 h - 4 potions of mutation
 j - 2 potions of brilliance
 k - a potion of might
 p - 3 potions of curing
 s - 2 potions of heal wounds
 z - a potion of magic {unknown}
 A - a potion of invisibility
 B - a potion of cancellation


   Skills:
 + Level 5.2 Fighting
 + Level 7.0 Short Blades
 + Level 8.8 Dodging
 + Level 14.4 Stealth
 + Level 11.7 Spellcasting
 + Level 12.0 Hexes


You had 18 spell levels left.
You knew the following spells:

 Your Spells              Type           Power      Damage    Failure   Level
a - Ensorcelled Hibernat  Hex/Ice        60%        N/A       1%          2
b - Tukima's Dance        Hex            50%        N/A       1%          3
c - Dazzling Flash        Conj/Hex       60%        N/A       1%          3
d - Confusing Touch       Hex            50%        N/A       1%          3
e - Apportation           Tloc           18%        N/A       7%          1
f - Summon Guardian Gole  Hex/Summ       30%        N/A       1%          3

Your spell library contained the following spells:

 Spells                   Type           Power      Damage    Failure   Level
 Portal Projectile        Hex/Tloc       60%        N/A       1%          3
 Anguish                  Hex/Necr       15%        N/A       6%          4
 Leda's Liquefaction      Hex/Erth       15%        N/A       6%          4
 Necrotise                Necr           36%        1d5       7%          1
 Summon Small Mammal      Summ           36%        N/A       7%          1
 Call Canine Familiar     Summ           9%         N/A       22%         3
 Frozen Ramparts          Ice            18%        1d3       22%         3
 Spider Form              Tmut/Pois      9%         N/A       22%         3
 Ice Form                 Ice/Tmut       9%         N/A       56%         4
 Summon Ice Beast         Ice/Summ       9%         N/A       56%         4
 Dispersal                Tloc           4%         N/A       100%        6
 Disjunction              Tloc           4%         N/A       100%        8


Dungeon Overview and Level Annotations

Branches:
Dungeon (12/15)            Temple (1/1) D:5            Lair (0/5) D:9
  Sewer (visited)         Gauntlet (visited)
    Orc: D:9-12

Altars:
Ashenzari
Dithmenos
Elyvilon
Fedhas
Gozag
Hepliaklqana
Kikubaaqudgha
Makhleb
Nemelex Xobeh
Okawaru
Qazlal
Ru
Sif Muna
Trog
Uskayaw
Vehumet
Wu Jian
Xom
Yredelemnul
Zin
The Shining One

Shops:
D:4 [

Annotations:
D:10 2 transporters


Innate Abilities, Weirdness & Mutations

You are very small and have problems with some larger weapons.
You are too small for most types of armour.
You have supernaturally acute eyesight. (SInv)
You cover ground extremely quickly. (Speed+++)
Your muscles are strong. (Str +4, Int/Dex -1)


Message History

You hit the cyclops but do no damage.
The cyclops is lightly wounded.
Casting: Confusing Touch (safe; 1% risk of failure)
Confirm with . or Enter, or press ? or * to list all spells.
Aiming: Ensorcelled Hibernation (safe; 1% risk of failure)
Press: ? - help, Shift-Dir - straight line, f - cyclops
Aim: a cyclops, quivering large rocks (lightly wounded, umbra, chance to affect: 42%)
The cyclops resists with some effort.
The cyclops misses you.
Casting: Ensorcelled Hibernation (safe; 1% risk of failure)
Confirm with . or Enter, or press ? or * to list all spells.
Aiming: Ensorcelled Hibernation (safe; 1% risk of failure)
Press: ? - help, Shift-Dir - straight line, f/p - cyclops
Aim: a cyclops, quivering large rocks (lightly wounded, umbra, chance to affect: 42%)
The cyclops looks drowsy...
The helpless cyclops fails to defend itself.
You skewer the cyclops like a kebab!!!!
You kill the cyclops!
Dithmenos accepts your kill.
Casting: Ensorcelled Hibernation (safe; 1% risk of failure)
Confirm with . or Enter, or press ? or * to list all spells.
Aiming: Ensorcelled Hibernation (safe; 1% risk of failure)
Press: ? - help, Shift-Dir - straight line, f - cyclops
Aim: a cyclops, quivering large rocks (chance to affect: 42%)
The cyclops looks drowsy...
A wraith comes into view.
The cyclops shouts!
You hear a shout! x2
The cyclops hits you!!
An orc comes into view. It is wielding a +0 club.
You barely miss the cyclops.
Casting: Ensorcelled Hibernation (safe; 1% risk of failure)
Confirm with . or Enter, or press ? or * to list all spells.
Your hands begin to glow red.
The orc shouts!
The cyclops hits you!
Unknown command.
Unknown command.
You hit the cyclops but do no damage.
An orc comes into view. It is wielding a +2 dagger of speed.
The wraith misses you. The cyclops hits you!!
You die...

......#######..# ......#
#..# .# ......# #..# ..#
......#######..#####..##
∩......................o
......^.................
..####..####.........o..
..# .# #.....C...... ..#
# #....@W...... ..#
..####............ ...
.................. ....
........(......... ###
####..############ #..
#.. #.. #.


You could see a cyclops, a wraith and 2 orcs.

Vanquished Creatures
  A minotaur (Gauntlet)
  Snorg (D:11)
  A centaur warrior (D:11)
  3 two-headed ogres
  3 cyclopes
  2 ugly things (D:12)
  2 gargoyles (D:12)
  A kobold demonologist (D:11)
  2 trolls
  Grinder (D:4)
  2 hornets
  Eustachio (D:4)
  A vampire (D:12)
  3 wraiths
  12 yaks
  A steam dragon (D:8)
  4 vampire mosquitoes (D:10)
  2 acid dragons (D:9)
  4 water moccasins
  3 orc warriors
  An ice beast (D:8)
  An ogre (D:6)
  4 centaurs
  2 kobold brigands (D:7)
  2 phantoms
  4 bullfrogs
  2 gnoll sergeants (D:9)
  2 scorpions (D:5)
  A necrophage (D:6)
  Dowan (D:6)
  4 killer bees
  A howler monkey (D:5)
  5 electric eels (D:10)
  5 hounds
  7 orc priests
  5 jellies
  Jessica (D:2)
  4 iguanas
  14 orc wizards
  Natasha (twice) (D:4)
  3 gnolls (D:9)
  8 adders
  2 river rats (D:3)
  A white imp (D:7)
  30 orcs
  4 bats
  9 endoplasms
  6 giant cockroaches
  15 goblins
  10 hobgoblins
  12 jackals
  8 quokkas
  2 ball pythons (D:3)
  4 frilled lizards
  11 kobolds
  9 rats
252 creatures vanquished.

Vanquished Creatures (collateral kills)
  Duvessa (D:6)
  An orc warrior (D:8)
  4 wights (D:7)
  An orc priest (D:9)
  A hound (D:7)
  An orc wizard (D:8)
  Robin (D:2)
  4 gnolls (D:9)
  2 orcs
16 creatures vanquished.

Vanquished Creatures (others)
  4 dancing weapons
  A demonic plant (Gauntlet)
  A plant (D:3)
  4 withered plants (Gauntlet)
10 creatures vanquished.

Grand Total: 278 creatures vanquished

Notes
Turn   | Place    | Note
-------+----------+-------------------------------------------
     0 | D:1      | Casaw the Spriggan Enchanter began the quest for the Orb.
     0 | D:1      | Reached XP level 1. HP: 9/9 MP: 5/5
   476 | D:1      | Reached XP level 2. HP: 11/13 MP: 7/7
   484 | D:1      | Learned a level 2 spell: Ensorcelled Hibernation
   915 | D:1      | Reached XP level 3. HP: 16/16 MP: 9/9
   923 | D:1      | Learned a level 3 spell: Tukima's Dance
   927 | D:1      | Learned a level 3 spell: Confusing Touch
  1353 | D:2      | Noticed Jessica
  1358 | D:2      | Killed Jessica
  1359 | D:2      | Reached XP level 4. HP: 21/21 MP: 11/11
  1374 | D:2      | Reached skill level 5 in Hexes
  1528 | D:2      | Found a hide-covered altar of Uskayaw.
  1742 | D:2      | Noticed Robin
  1749 | D:2      | Killed Robin
  2146 | D:3      | Found an opulent altar of Gozag.
  2206 | D:3      | Reached XP level 5. HP: 24/24 MP: 5/13
  2295 | D:3      | Reached skill level 5 in Spellcasting
  2340 | D:3      | Found a glowing drain.
  2351 | Sewer    | Entered a sewer
  2491 | Sewer    | Noticed a water moccasin
  2510 | Sewer    | Killed a water moccasin
  2511 | Sewer    | Reached skill level 5 in Stealth
  2540 | Sewer    | Learned a level 3 spell: Dazzling Flash
  2615 | D:3      | Reached XP level 6. HP: 17/28 MP: 2/15
  3073 | D:3      | Found a basalt altar of Yredelemnul.
  3269 | D:3      | Gained mutation: You are robust. (+10% HP) [potion of
                  | mutation]
  3269 | D:3      | Lost mutation: You are robust. (+10% HP) [potion of
                  | mutation]
  3269 | D:3      | Gained mutation: Your muscles are strong. (Str +4, Int/Dex
                  | -1) [potion of mutation]
  3368 | D:4      | Noticed Eustachio
  3371 | D:4      | Killed Eustachio
  3372 | D:4      | Reached skill level 6 in Stealth
  3712 | D:4      | Noticed Natasha
  3719 | D:4      | Killed Natasha
  3767 | D:4      | Noticed Grinder
  3770 | D:4      | Found Nisec's Armour Shop.
  3780 | D:4      | Killed Grinder
  3781 | D:4      | Reached skill level 7 in Stealth
  3781 | D:4      | Reached XP level 7. HP: 32/32 MP: 13/17
  4031 | D:4      | HP: 1/32 [orc priest/divine providence (11)]
  4311 | D:4      | Noticed Natasha
  4327 | D:4      | Reached skill level 8 in Stealth
  4341 | D:4      | Killed Natasha
  4360 | D:4      | Learned a level 1 spell: Apportation
  4364 | D:4      | Learned a level 3 spell: Summon Guardian Golem
  4967 | D:4      | Reached XP level 8. HP: 36/36 MP: 19/19
  4997 | D:5      | Entered Level 5 of the Dungeon
  5205 | D:5      | Reached skill level 9 in Stealth
  6172 | D:5      | Found a staircase to the Ecumenical Temple.
  6186 | Temple   | Entered the Ecumenical Temple
  6232 | Temple   | Became a worshipper of Dithmenos the Shadowed
  6376 | D:6      | Reached skill level 10 in Stealth
  6924 | D:6      | Reached XP level 9. HP: 32/39 MP: 20/22
  7018 | D:6      | Noticed Duvessa
  7019 | D:6      | Noticed Dowan
  7030 | D:6      | Killed Duvessa
  7043 | D:6      | Killed Dowan
  7693 | D:6      | Reached skill level 1 in Fighting
  8066 | D:6      | Found a radiant altar of Vehumet.
  8148 | D:6      | Found the +7 staff of the Meek {protect, meekguard}
  8154 | D:6      | Reached skill level 11 in Stealth
  8552 | D:7      | Reached * piety under Dithmenos
  9021 | D:8      | Reached skill level 10 in Hexes
  9310 | D:8      | Reached skill level 5 in Dodging
  9322 | D:8      | Found a hazy altar of Hepliaklqana.
  9432 | D:8      | Reached ** piety under Dithmenos
  9532 | D:8      | Reached XP level 10. HP: 47/47 MP: 12/24
 10520 | D:9      | Reached skill level 12 in Stealth
 10647 | D:9      | Found an iron altar of Okawaru.
 10649 | D:9      | Found a sacrificial altar of Ru.
 10649 | D:9      | Found a bloodstained altar of Trog.
 10682 | D:9      | Reached skill level 10 in Spellcasting
 10939 | D:9      | Found a glowing golden altar of the Shining One.
 10939 | D:9      | Found a blossoming altar of Fedhas.
 11034 | D:9      | Found a staircase to the Lair.
 11158 | D:9      | Noticed a two-headed ogre
 11172 | D:9      | Killed a two-headed ogre
 11419 | D:9      | Found a sparkling altar of Nemelex Xobeh.
 11728 | D:10     | Entered Level 10 of the Dungeon
 12105 | D:10     | Noticed a two-headed ogre
 12112 | D:10     | Killed a two-headed ogre
 12128 | D:10     | Reached skill level 5 in Short Blades
 12351 | D:10     | Identified a scroll of acquirement
 12351 | D:10     | Acquired 716 gold pieces
 12511 | D:10     | Noticed a two-headed ogre
 12515 | D:10     | Killed a two-headed ogre
 12516 | D:10     | Reached skill level 13 in Stealth
 12537 | D:10     | Reached XP level 11. HP: 53/53 MP: 26/26
 12622 | D:10     | Found a transporter.
 12622 | D:10     | Noticed a centaur warrior
 12622 | D:10     | Noticed a great orb of eyes
 12656 | D:10     | Noticed a skeletal warrior
 12659 | D:10     | Noticed a purple ugly thing
 12660 | D:10     | Found a transporter.
 12957 | D:11     | Noticed a centaur warrior
 12962 | D:11     | Killed a centaur warrior
 13058 | D:11     | Noticed Snorg
 13108 | D:11     | Killed Snorg
 13430 | D:11     | Reached *** piety under Dithmenos
 14028 | D:12     | Found a gate leading to a gauntlet.
 14068 | Gauntlet | Entered a Gauntlet
 14068 | Gauntlet | Noticed a sixfirhy
 14068 | Gauntlet | Found a transporter.
 14068 | Gauntlet | Found a transporter.
 14068 | Gauntlet | Found a runed translucent gate.
 14068 | Gauntlet | Found a runed translucent gate.
 14174 | Gauntlet | Found a transporter.
 14178 | Gauntlet | Found a transporter.
 14182 | Gauntlet | Found a runed translucent door.
 14182 | Gauntlet | Found a runed translucent door.
 14186 | Gauntlet | Found a transporter.
 14190 | Gauntlet | Found a transporter.
 14195 | Gauntlet | Noticed a death drake
 14198 | Gauntlet | Found a transporter.
 14214 | Gauntlet | Found a transporter.
 14216 | Gauntlet | Noticed a ghost crab
 14231 | Gauntlet | Found a transporter.
 14232 | Gauntlet | Found a transporter.
 14240 | Gauntlet | Found a transporter.
 14244 | Gauntlet | Found a transporter.
 14246 | Gauntlet | Found a runed translucent gate.
 14603 | Gauntlet | Identified the +2 hat of the Past {rC+ Str+3}
 14634 | Gauntlet | Identified the +11 arbalest "Gienio" {speed, Str+2 Dex+3}
 14634 | Gauntlet | Identified the +7 hand crossbow "Egg" {vorpal, Will+ Dex+4
                  | SInv}
 14634 | Gauntlet | Identified the +7 ring mail of Sif Muna's Generosity {rC+
                  | Dex+2}
 14634 | Gauntlet | Noticed a minotaur
 14675 | Gauntlet | Killed a minotaur
 14676 | Gauntlet | Reached skill level 14 in Stealth
 15007 | D:12     | Reached skill level 5 in Fighting
 15057 | D:12     | Noticed a white ugly thing
 15058 | D:12     | Noticed a white ugly thing
 15098 | D:12     | Killed a brown ugly thing
 15103 | D:12     | Killed a cyan ugly thing
 15223 | D:12     | Slain by a cyclops

Illustrated notes

Levels and vault maps discovered:
D:1:      mrwooster_arrival_statue_3, layout_rooms, bh_walls_and_bars
D:2:      layout_basic, basic_altar, uniq_jessica, uniq_robin
D:3:      cheibrodos_old_hovel, layout_basic,
          mainiacjoe_overflow_six_doors_small, grunt_gozag_breadcrumbs,
          portal_sewer_entry_a, serial_corexii_hall, corexii_hall_statues_x,
          chequers_hall_statues_corner_a
D:4:      layout_loops_ring, serial_shops, nicolae_take_the_stairs,
          minmay_fractal_squares_diagonal_5, uniq_grinder, uniq_eustachio,
          uniq_natasha
D:5:      minmay_angry_zag, layout_cave_pools, minmay_temple_entry_stoned_glass
D:6:      kennysheep_big_flooded_room, layout_loops_corners,
          lemuel_coloured_pillars_altar, pf_guarded_unrand_meek, uniq_duvessa
D:7:      layout_rooms
D:8:      layout_rooms, mainiacjoe_overflow_alcove_4, hangedman_decor_lopped
D:9:      layout_layer_cave, gammafunk_temple_overflow_elements,
          nicolae_overflow_quartered_altars, dpeg_oklobed_lair
D:10:     gammafunk_the_bubble [the_bubble_gammafunk_grid], layout_basic
D:11:     layout_loops_ring, uniq_snorg
D:12:     layout_small_grid, orc_0_dummy, gauntlet_entry_generic
Temple:   nicolae_temple_bog_church

Skill      XL: |  1  2  3  4  5  6  7  8  9 10 11 |
---------------+----------------------------------+-----
Spellcasting   | 3 4 5 6 7 8 9 10 11 | 11.7
Hexes          | 4 5 6 7 9 10 11 12 | 12.0
Stealth        | 5 7 8 10 11 13 14 | 14.4
Dodging        | 5 7 8 |  8.8
Fighting       | 2 3 5 |  5.2
Short Blades   | 3 5 7 |  7.0

Action                   |  1- 3 |  4- 6 |  7- 9 | 10-12 || total
-------------------------+-------+-------+-------+-------++-------
Melee: Dagger            |    97 |   181 |   304 |   199 ||   781
       Punch             |       |     1 |     4 |     3 ||     8
 Cast: Ensorcelled Hiber |    11 |    20 |    87 |    81 ||   199
       Tukima's Dance    |       |     2 |    14 |    23 ||    39
       Confusing Touch   |       |     1 |     6 |    10 ||    17
Evoke: Wand              |       |       |       |    15 ||    15
  Use: Scroll            |     4 |     8 |     4 |     7 ||    23
       Potion            |       |     1 |     9 |     4 ||    14
 Stab: Sleeping          |    18 |    21 |    62 |    49 ||   150
       Distracted        |       |     1 |       |     1 ||     2
       Confused          |       |     1 |     6 |     8 ||    15
       Invisible         |       |       |     2 |       ||     2
Armor: Robe              |     5 |    27 |    37 |    31 ||   100
Dodge: Dodged            |    73 |   119 |   204 |   162 ||   558

Table legend: (Time is in decaauts)
 A = Elapsed time spent in this place.
 B = Non-inter-level travel time spent in this place.
 C = Inter-level travel time spent in this place.
 D = Time resting spent in this place.
 E = Time spent auto-exploring this place.
 F = Levels seen in this place.
 G = Mean time per level.
                   A        B        C        D        E       F      G
               +--------+--------+--------+--------+--------+-----+--------+
         Total |  11863 |  11633 |    230 |   1494 |   7651 |  15 |  790.9 |
       Dungeon |  11080 |  10858 |    222 |   1326 |   7354 |  12 |  923.3 |
        Temple |     39 |     32 |      7 |      0 |     15 |   1 |   39.0 |
         Sewer |    190 |    190 |      0 |      0 |    122 |   1 |  190.0 |
      Gauntlet |    553 |    553 |      0 |    168 |    158 |   1 |  553.0 |
               +--------+--------+--------+--------+--------+-----+--------+

Top non-repeatable levels by time:
     D:4: 1721 daAuts
     D:6: 1602 daAuts
     D:9: 1168 daAuts
     D:8: 915 daAuts
    D:10: 873 daAuts
    D:11: 856 daAuts
     D:3: 811 daAuts
     D:2: 805 daAuts
     D:1: 774 daAuts
     D:5: 701 daAuts
Gauntlet: 553 daAuts
     D:7: 472 daAuts
    D:12: 376 daAuts
   Sewer: 190 daAuts
  Temple: 39 daAuts
